 Dungeon Crawl Stone Soup version 0.30-a0-879-ga8ba668304 (webtiles) character file.

Game seed: 17580682672015807148

24 cforsyth the Covered (level 3, 0/30 HPs)
             Began as a Barachi Fighter on Mar 13, 2023.
             Slain by Terence
             ... wielding a +0 mace
              (2 damage)
             ... on level 2 of the Dungeon.
             The game lasted 00:01:20 (954 turns).

cforsyth the Covered (Barachi Fighter)               Turns: 954, Time: 00:01:20

Health: 0/30       AC:  7    Str: 19    XL:     3   Next: 2%
Magic:  3/3        EV:  9    Int:  8    God:
Gold:   25         SH:  4    Dex: 11    Spells: 2/2 levels left

rFire   . . .      SeeInvis .    a - +0 war axe
rCold   . . .      Faith    .    c - +0 buckler
rNeg    . . .      Spirit   .    b - +0 scale mail
rPois   .          Reflect  .    (no helmet)
rElec   .          Rampage  .    (no cloak)
rCorr   .                        (no gloves)
Will    .....                    (no boots) Stlth
                                 (no amulet)
HPRegen 0.25/turn                (no ring)
MPRegen 0.08/turn                (no ring)

@: slow
A: amphibious, slowness 1, strong legs 1, +LOS
a: Hop


You were on level 2 of the Dungeon.
You visited 1 branch of the dungeon, and saw 2 of its levels.

You collected 25 gold pieces.

Inventory:

Hand Weapons
 a - a +0 war axe (weapon)
Armour
 b - a +0 scale mail (worn)
 c - a +0 buckler (worn)
Jewellery
 k - a ring of magical power
Scrolls
 e - 2 scrolls of enchant armour {unknown}
 f - 2 scrolls of noise {unknown}
 g - 3 scrolls of immolation {unknown}
 j - a scroll of vulnerability {unknown}
Potions
 d - a potion of might
 h - a potion of lignification {unknown}
 i - 3 potions of curing {unknown}


   Skills:
 + Level 4.1 Fighting
 - Level 2.1 Axes
 + Level 4.1 Armour
 + Level 3.7 Shields


You had 2 spell levels left.
You didn't know any spells.
Your spell library contained the following spells:

 Spells                   Type           Power      Damage    Failure   Level
 Sting                    Tmut/Pois      0%         1d3       86%         1
 Poisonous Vapours        Pois/Air       0%         N/A       94%         2
 Olgreb's Toxic Radiance  Pois           0%         N/A       100%        4


Dungeon Overview and Level Annotations

Branches:
Dungeon (2/15)

Altars:

Annotations:
D:2 Terence


Innate Abilities, Weirdness & Mutations

You are amphibious.
You cover ground slowly.
You can hop short distances.
You have an extended range of vision and can be seen from far away.


Message History

You slash Terence!
Terence is almost dead.
You closely miss the ball python. The ball python bites you.
The ball python barely misses you. Terence closely misses you.
You closely miss Terence.
Terence is almost dead.
You barely miss the ball python.
The ball python bites you but does no damage.
The ball python barely misses you. Terence hits you but does no damage.
The ball python bites you but does no damage.
The ball python grabs you. The ball python constricts you.
Terence hits you but does no damage.
You closely miss the ball python. You closely miss Terence.
The ball python bites you but does no damage.
The ball python constricts you. Terence hits you with a +0 mace.
The ball python bites you but does no damage.
The ball python constricts you.
You slash the ball python!
You kill the ball python!
You hit Terence but do no damage. Terence hits you with a +0 mace.
You have reached level 3!
Your experience leads to an increase in your attributes!
Increase (S)trength, (I)ntelligence, or (D)exterity?
You feel stronger. x2
You hit Terence.
Terence is almost dead.
You hit the endoplasm. You block Terence's attack. The endoplasm hits you.
Terence says, "You're history."
Terence hits you with a +0 mace!
* * * LOW HITPOINT WARNING * * *
The endoplasm freezes you.
You are frozen.
* * * LOW HITPOINT WARNING * * *
You closely miss Terence.
Terence is almost dead.
You slash the endoplasm!
You kill the endoplasm!
Terence says, "Don't bother to defend, it's senseless."
Terence hits you with a +0 mace.
You die...

....[.........#
..............#
..............#
..............#
.............#
...........#
........#
#†@...# ##@.#
#<.## #..#
#...# ...##.
#.#. .# #....
.# ....## ..
..... ..


You could see Terence.

Vanquished Creatures
  2 dart slugs (D:1)
  5 ball pythons
  A bat (D:1)
  2 endoplasms
  2 giant cockroaches (D:1)
  2 goblins (D:1)
  A frilled lizard (D:1)
  3 kobolds (D:1)
18 creatures vanquished.

Notes
Turn   | Place    | Note
-------+----------+-------------------------------------------
     0 | D:1      | cforsyth the Barachi Fighter began the quest for the Orb.
     0 | D:1      | Reached XP level 1. HP: 18/18 MP: 1/1
   215 | D:1      | Reached XP level 2. HP: 25/25 MP: 2/2
   544 | D:1      | Found a faded altar of an unknown god.
   945 | D:2      | Noticed Terence
   953 | D:2      | Reached XP level 3. HP: 15/30 MP: 3/3
   954 | D:2      | Slain by Terence

Illustrated notes

Levels and vault maps discovered:
D:1:      dpeg_arrival_yet_another_circle, layout_basic,
          shapermc_ecumenical_altar_starsandcircs
D:2:      layout_rooms, uniq_terence

Skill      XL: |  1  2 |
---------------+-------+-----
Fighting       | 4 |  4.1
Armour         | 4 |  4.1
Axes           | |  2.1
Shields        | |  3.7

Action                     || total
---------------------------++-------
  Melee: War axe           ||    55
 Armour: Scale mail        ||    33
  Dodge: Dodged            ||    20
  Block: Buckler           ||    14

Table legend: (Time is in decaauts)
 A = Elapsed time spent in this place.
 B = Non-inter-level travel time spent in this place.
 C = Inter-level travel time spent in this place.
 D = Time resting spent in this place.
 E = Time spent auto-exploring this place.
 F = Levels seen in this place.
 G = Mean time per level.
                   A        B        C        D        E       F      G
               +--------+--------+--------+--------+--------+-----+--------+
         Total |   1126 |   1090 |     36 |      0 |    935 |   2 |  563.0 |
       Dungeon |   1126 |   1090 |     36 |      0 |    935 |   2 |  563.0 |
               +--------+--------+--------+--------+--------+-----+--------+

Top non-repeatable levels by time:
     D:1: 1113 daAuts
     D:2: 13 daAuts
